 Dungeon Crawl Stone Soup version 0.30.1-5-ged363bc7ee (webtiles) character file.

Game seed: 3205366716082841812

82 monsoonserge the Trooper (level 4, 0/37 HPs)
             Began as a Demonspawn Monk on Sept 20, 2023.
             Slain by a gnoll
             ... wielding a +0 flail
              (10 damage)
             ... on level 2 of the Dungeon.
             The game lasted 00:02:51 (1683 turns).

monsoonserge the Trooper (Demonspawn Monk)          Turns: 1683, Time: 00:02:51

Health: 0/37       AC:  3    Str: 11    XL:     4   Next: 21%
Magic:  4/4        EV: 12    Int: 18    God:
Gold:   96         SH:  0    Dex: 15    Spells: 3/3 levels left

rFire   . . .        g - +2 dagger (drain)
rCold   . . .        d - orb {light}
rNeg    . . .        j - +0 leather armour
rPois   .            (no helmet)
rElec   .            (no cloak)
rCorr   .            (no gloves)
SInv    .            (no boots)
Will    .....        (no amulet)
Stlth   +            (no ring)
HPRegen 0.26/turn    (no ring)
MPRegen 0.09/turn

%: no passive effects
@: glowing
A: ignite blood 1, big brain 2
a: no special abilities


You were on level 2 of the Dungeon.
You visited 1 branch of the dungeon, and saw 2 of its levels.

You collected 96 gold pieces.

Inventory:

Hand Weapons
 a - a +0 falchion
 g - a +2 dagger of draining (weapon)
Armour
 b - a +0 robe
 d - an orb of light (worn)
 j - a +0 leather armour (worn)
Magical Staves
 i - a staff of air
Jewellery
 f - a +6 ring of strength
Scrolls
 h - a scroll of identify {unknown}
 k - a scroll of teleportation {unknown}
Potions
 c - 2 potions of ambrosia
 e - a potion of lignification {unknown}
 l - a potion of haste {unknown}


   Skills:
 + Level 3.6 Fighting
 + Level 0.8(2.1) Short Blades
 - Level 3.1(3.2) Long Blades
 + Level 0.9 Armour
 + Level 3.4 Dodging


You had 3 spell levels left.
You didn't know any spells.
Your spell library contained the following spells:

 Spells                   Type           Power      Damage    Failure   Level
 Ensorcelled Hibernation  Hex/Ice        0%         N/A       41%         2
 Passwall                 Tmut/Erth      0%         N/A       41%         2
 Swiftness                Air            0%         N/A       65%         3


Dungeon Overview and Level Annotations

Branches:
Dungeon (2/15)

Altars:

Annotations:
D:1 2 runed translucent doors
D:2 1 runed translucent door, Crazy Yiuf


Innate Abilities, Weirdness & Mutations

Your demonic aura sometimes causes spilled blood to erupt in flames.
You have an extremely huge brain. (Int +4)


Message History

The gnoll is almost dead.
The gnoll barely misses you.
You hit the gnoll but do no damage.
The gnoll is almost dead.
The gnoll barely misses you.
You hit the gnoll but do no damage.
The gnoll is almost dead.
You barely miss the gnoll.
The gnoll is almost dead.
The gnoll hits you with a +0 halberd.
You hit the gnoll but do no damage.
The gnoll is almost dead.
The gnoll misses you.
You hit the gnoll but do no damage. You drain the gnoll.
You kill the gnoll!
You start resting.
HP restored.
You see here a +0 halberd. 2 gnolls come into view.
Found a stone staircase leading up.
The gnoll shouts! x2
The gnoll closely misses you.
You barely miss the gnoll. The gnoll closely misses you. x2
You hit the gnoll but do no damage. The gnoll barely misses you.
The gnoll hits you from afar with a +0 spear!
The gnoll attacks as you move away! The gnoll hits you with a +0 flail!
You see here a +0 halberd.
You hit the gnoll. You drain the gnoll.
The gnoll is heavily wounded.
The gnoll misses you.
The gnoll hits you from afar with a +0 spear.
You barely miss the gnoll.
The gnoll is heavily wounded.
The gnoll hits you with a +0 flail.
The gnoll hits you from afar with a +0 spear.
* * * LOW HITPOINT WARNING * * *
You see here 5 stones.
The gnoll attacks as you move away! The gnoll misses you.
The gnoll attacks as you move away! The gnoll hits you with a +0 flail!
You die...

.# #.# .######## #†#
........# ## #.# #
..#####..
....###.###.# ..#
#.........##.. .##
#####..#...... .#
###########)....###.
##
..........>.#.....#
#
#####.@######.##...#
##### #g## ).# #..
...... ##g# #.# .
.##### #.)# .. ...##
#.## ..# ....## #.#
#.# .....#
#...........<#
.....#
#..#####.###...
.....###.# ..


You could see 2 gnolls.

Vanquished Creatures
  A gnoll (D:2)
  2 adders (D:2)
  2 worms (D:2)
  3 dart slugs
  3 ball pythons
  2 endoplasms (D:1)
  3 giant cockroaches
  6 goblins (D:1)
  4 hobgoblins (D:1)
  3 quokkas (D:1)
  4 bats
  3 frilled lizards
  3 kobolds (D:1)
  4 rats
43 creatures vanquished.

Notes
Turn   | Place    | Note
-------+----------+-------------------------------------------
     0 | D:1      | monsoonserge the Demonspawn Monk began the quest for the
                  | Orb.
     0 | D:1      | Reached XP level 1. HP: 18/18 MP: 1/1
    64 | D:1      | Gained mutation: You have an unusually large brain. (Int
                  | +2) [demonic ancestry]
    64 | D:1      | Reached XP level 2. HP: 6/24 MP: 2/2
   190 | D:1      | Found a large runed translucent door.
   190 | D:1      | Found a large runed translucent door.
   192 | D:1      | Noticed a troll
   783 | D:1      | Gained mutation: You have an extremely huge brain. (Int +4)
                  | [demonic ancestry]
   783 | D:1      | Reached XP level 3. HP: 25/29 MP: 3/3
  1527 | D:2      | Found a runed translucent door.
  1528 | D:2      | Noticed Crazy Yiuf
  1573 | D:2      | Gained mutation: Your demonic aura sometimes causes spilled
                  | blood to erupt in flames. [demonic ancestry]
  1573 | D:2      | Reached XP level 4. HP: 34/36 MP: 4/4
  1683 | D:2      | Slain by a gnoll

Illustrated notes

Levels and vault maps discovered:
D:1:      erik_arrival_cave_to_civilisation [erik_arrival_cave_to_temple],
          layout_loops_corners, st_stairs_10, chequers_serial_rivers_micro_a
D:2:      layout_rooms, uniq_crazy_yiuf_cottage

Skill      XL: |  1  2 |
---------------+-------+-----
Long Blades    | 3 |  3.1
Dodging        | 3 |  3.4
Fighting       | |  3.6
Short Blades   | |  0.8
Armour         | |  0.9

Action                     |  1- 3 |  4- 6 || total
---------------------------+-------+-------++-------
  Melee: Falchion          |    43 |       ||    43
         Dagger            |    80 |    12 ||    92
 Armour: Robe              |    12 |       ||    12
         Leather armour    |    22 |       ||    22
  Dodge: Dodged            |    82 |    10 ||    92
